 Dungeon Crawl Stone Soup version 0.17-a0-2171-ga91b4ec (webtiles) character file.

712 nicanaca0 the Cleaver (level 7, -1/57 HPs)
             Began as a Minotaur Berserker on Oct 25, 2015.
             Was a Priest of Trog.
             Shot with an arrow by a centaur (6 damage)
             ... on level 5 of the Dungeon.
             The game lasted 00:07:09 (3709 turns).

nicanaca0 the Cleaver (Minotaur Berserker)          Turns: 3709, Time: 00:07:09

Health: -1/57      AC:  9    Str: 21    XL:     7   Next: 41%
Magic:  6/6        EV: 10    Int:  4    God:    Trog [***...]
Gold:   182        SH:  0    Dex: 12    Spells: 0 memorised, 6 levels left

rFire  . . .     SeeInvis .     b - +0 hand axe
rCold  + . .     Clarity  .     p - +0 scale mail (curse)
rNeg   . . .     SustAt   .     (no shield)
rPois  .         Gourm    .     (helmet restricted)
rElec  .         Spirit   .     o - +1 cloak
rCorr  .         Warding  .     y - +0 pair of gloves
rMut   .         Stasis   +     (no boots)
MR     .....                    t - amulet of stasis
Stlth  ..........               (no ring)
                                i - ring of protection from cold

@: not resistant to hostile enchantments, extremely unstealthy
A: retaliatory headbutt, horns 2
a: Berserk, Trog's Hand, Burn Spellbooks, Renounce Religion


You were on level 5 of the Dungeon.
You worshipped Trog.
Trog was most pleased with you.
You were not hungry.

You visited 1 branch of the dungeon, and saw 5 of its levels.

You collected 182 gold pieces.

Inventory:

Hand Weapons
 a - a +0 war axe
 b - a +0 hand axe (weapon)
Missiles
 v - 8 tomahawks of returning (quivered)
Armour
 o - a +1 cloak (worn)
 p - a cursed +0 scale mail (worn)
 y - a +0 pair of gloves (worn)
Jewellery
 i - a ring of protection from cold (left hand)
 t - an amulet of stasis (around neck)
Scrolls
 d - 2 scrolls of enchant armour {unknown}
 e - 2 scrolls of remove curse {unknown}
 f - 3 scrolls of identify {unknown}
 h - 2 scrolls of blinking {unknown}
 j - a scroll of magic mapping {unknown}
 r - a scroll of recharging {unknown}
 u - a scroll of amnesia {unknown}
 x - a scroll of teleportation {unknown}
Potions
 g - a potion of haste {unknown}
 l - a potion of invisibility {unknown}
 m - a potion of lignification {unknown}
 n - 2 potions of mutation {unknown}
 q - 2 potions of curing {unknown}
 s - a potion of heal wounds {unknown}
 w - 3 potions of poison {unknown}
Comestibles
 c - 2 bread rations
 k - a meat ration
 z - a beef jerky


   Skills:
 - Level 3.6 Fighting
 * Level 10.4 Axes
 - Level 2.4 Armour
 - Level 2.1 Dodging


You had 6 spell levels left.
You didn't know any spells.

Dungeon Overview and Level Annotations

Branches:
Dungeon (5/15)
 Temple: D:4-7

Altars:
Fedhas


Innate Abilities, Weirdness & Mutations

You reflexively headbutt those who attack you in melee.
You have a pair of horns on your head.


Message History

You start resting.
You feel sick.
You feel sick. x16
You are no longer poisoned.
A centaur comes into view.
The centaur wields a shortbow.
The centaur shoots an arrow.
The arrow hits you but does no damage.
The centaur shoots an arrow.
The arrow hits you.
* * * LOW HITPOINT WARNING * * *
You see here an arrow.
The centaur shoots an arrow.
The arrow hits you but does no damage.
The centaur shoots an arrow.
The arrow barely misses you.
You see here an arrow.
The centaur shoots an arrow.
The arrow hits you.
* * * LOW HITPOINT WARNING * * *
You see here an arrow.
The centaur shoots an arrow.
The arrow hits you!
* * * LOW HITPOINT WARNING * * *
You see here an arrow.
The centaur shoots an arrow.
The arrow hits you.
You die...

## #.# #. . .# #.# ## .##.
#.# ... #.# ... #.# #.# #<#
. #.# #.##.# .. #
###.#######@##.#
...#.#....(c.(.(..#.#
.....#.#.#######..#.#
########### .........#
#..#.# #..........
...###c### #..#.#
###.#######
.......#########..#.# #.#
##.#.............%#.#####.#
#......................#
#.#(.....#.....#.#.....#


You could see a centaur.

Vanquished Creatures
  Sigmund (D:4)
  The ghost of Borgoz the Sneak, an amateur DsAs (D:3)
  A water moccasin (D:5)
  A centaur skeleton (D:4)
  An orc priest (D:4)
  Terence (D:2)
  An iguana (D:4)
  2 worker ants
  6 adders
  3 gnolls (D:3)
  6 worms
  5 orcs
  A ball python (D:4)
  5 giant cockroaches
  7 goblins
  7 hobgoblins
  8 kobolds
  A quokka (D:2)
  10 bats
  5 giant newts
  9 rats
82 creatures vanquished.

Notes
Turn   | Place    | Note
--------------------------------------------------------------
     0 | D:1      | nicanaca0 the Minotaur Berserker began the quest for the Orb.
     0 | D:1      | Reached XP level 1. HP: 19/19 MP: 0/0
    33 | D:1      | Reached skill level 4 in Axes
   167 | D:1      | Reached XP level 2. HP: 23/26 MP: 1/1
   611 | D:2      | Reached skill level 5 in Axes
   615 | D:2      | Reached ** piety under Trog
   703 | D:2      | Reached XP level 3. HP: 31/31 MP: 2/2
   998 | D:2      | Noticed Terence
  1357 | D:2      | Killed Terence
  1357 | D:2      | Reached skill level 6 in Axes
  1357 | D:2      | Reached XP level 4. HP: 21/39 MP: 3/3
  1996 | D:3      | Noticed Borgoz's ghost (amateur DsAs)
  2030 | D:3      | Killed Borgoz's ghost
  2030 | D:3      | Reached skill level 7 in Axes
  2030 | D:3      | Reached XP level 5. HP: 34/45 MP: 4/4
  2114 | D:3      | Reached skill level 8 in Axes
  2120 | D:3      | Reached XP level 6. HP: 49/51 MP: 5/5
  2433 | D:4      | Reached *** piety under Trog
  2467 | D:4      | Found a blossoming altar of Fedhas.
  2883 | D:4      | Reached skill level 9 in Axes
  3212 | D:4      | Noticed Sigmund
  3221 | D:4      | Killed Sigmund
  3221 | D:4      | Reached XP level 7. HP: 51/57 MP: 6/6
  3557 | D:5      | Entered Level 5 of the Dungeon
  3564 | D:5      | Reached skill level 10 in Axes
  3709 | D:5      | Shot with an arrow by a centaur

Vault maps used:
D:1:      co_arrival_square_in_a_square_in_a_square
D:2:      serial_co_window_serial, co_window_corner_a, co_window_paths_b,
          co_window_corner_a, co_window_paths_b, co_window_of_opportunity_a,
          co_window_corner_a, co_window_of_opportunity_a,
          co_window_of_opportunity_b, co_window_2corner,
          co_window_unsneaky_path_a, co_window_broadway_a, co_window_corner_b,
          co_window_of_opportunity_b, co_window_paths_c, co_window_4corner_b,
          co_window_4corner_a, glass_columns_b, glass_columns_b, uniq_terence
D:3:      minmay_door_path
D:4:      fedhas_altar_2, uniq_sigmund
D:5:      nicolae_overflow_hidden_temple, basic_altar, first_bread

Action                   |  1- 3 |  4- 6 |  7- 9 || total
-------------------------+-------+-------+-------++-------
Melee: Hand axe          |    62 |   153 |    15 ||   230
       War axe           |       |     1 |       ||     1
Invok: Trog's Hand       |       |     1 |       ||     1
  Eat: Chunk             |     1 |     6 |     2 ||     9
